 Dungeon Sprint DCSS version 0.23.0 (webtiles) character file.

Game seed: 1333915030357871953

53700000 Fang the Conqueror (level 27, -14/249 HPs)
             Began as a Demonspawn Gladiator on Feb 11, 2019.
             Was the Champion of Makhleb.
             Killed by the air
             ... invoked by The Meatlord
              (43 damage)
             ... in the Dungeon (Sprint VIII: "Arena of Blood").
             The game lasted 00:04:34 (537 turns).

Fang the Conqueror (Demonspawn Gladiator)            Turns: 537, Time: 00:04:34

Health: -14/249    AC: 12    Str: 25    XL:     27
Magic:  54/54      EV: 32    Int: 10    God:    Makhleb [******]
Gold:   0          SH:  0    Dex: 17    Spells: 80/80 levels left

rFire    + . .     SeeInvis +   l - +∞ Axe of Woe
rCold    . . .     Gourm    .   (shield currently unavailable)
rNeg     . . .     Faith    .   b - +0 leather armour
rPois    .         Spirit   .   c - +0 helmet
rElec    +         Reflect  .   (no cloak)
rCorr    .         Harm     .   (no gloves)
MR       ++...     NoTele   +   (boots unavailable)
Stlth    +++++++++.             (no amulet)
HPRegen  0.51/turn              q - ring of see invisible
MPRegen  0.34/turn              o - +30 ring of slaying

@: no status effects
A: talons 3, thin metallic scales 3, fire resistance 1, hurl damnation, foul
stench 2, spiny 3, rot immunity, flame cloud immunity
a: Hurl Damnation, Minor Destruction, Lesser Servant of Makhleb, Major
Destruction, Greater Servant of Makhleb, Renounce Religion


You were in the Dungeon.
You worshipped Makhleb.
Makhleb was exalted by your worship.
You were not hungry.

You visited 1 branch

Inventory:

Hand Weapons
 a - a +0 war axe
 l - the +∞ Axe of Woe (weapon)
   (You found it in the Dungeon)
Missiles
 d - 3 throwing nets (quivered)
Armour
 b - a +0 leather armour (worn)
 c - a +0 helmet (worn)
Jewellery
 m - a +30 ring of slaying
 n - a +30 ring of slaying
 o - a +30 ring of slaying (right hand)
 p - a +30 ring of slaying
 q - a ring of see invisible (left hand)
 r - a +30 ring of slaying
 s - an uncursed ring of protection from fire
 t - a +30 ring of slaying
 u - an uncursed ring of protection from fire
 v - a +30 ring of slaying
 w - a +30 ring of slaying
 x - a +30 ring of slaying
 y - a +30 ring of slaying
 z - a +30 ring of slaying
 A - a +30 ring of slaying
 B - a +30 ring of slaying
 C - a +30 ring of slaying
 D - a +100 ring of slaying
 E - a +30 ring of slaying
 F - a +30 ring of slaying
 G - a +30 ring of slaying
 H - a +30 ring of slaying
 I - a +30 ring of slaying
 J - a +30 ring of slaying
 K - a +30 ring of slaying
 L - a +30 ring of slaying
 M - a +30 ring of slaying
Scrolls
 k - a scroll of blinking
Potions
 e - a potion of curing
 h - a potion of haste
 i - 2 potions of magic
 j - a potion of berserk rage
Comestibles
 f - a ration


   Skills:
 O Level 27 Fighting
 O Level 27 Axes
 O Level 27 Throwing
 O Level 27 Armour
 O Level 27 Dodging
 O Level 27 Stealth
 O Level 27 Unarmed Combat
 O Level 27 Spellcasting
 O Level 27 Invocations


You had 80 spell levels left.
You didn't know any spells.
Your spell library was empty.

Dungeon Overview and Level Annotations

Branches:
Dungeon (1/1)

Altars:
Makhleb

Annotations:
D The Meatlord


Innate Abilities, Weirdness & Mutations

You have claws for feet.
You are completely covered in thin metallic scales. (AC +4, rElec)
Your flesh is heat resistant. (rF+)
You can hurl damnation.
You frequently emit foul miasma when damaged in melee.
You are completely covered in sharp spines.
You are immune to rotting.
You are immune to clouds of flame.


Message History

The ball lightning explodes!
The blast of lightning engulfs the ball lightning.
The ball lightning completely resists.
The blast of lightning engulfs The Meatlord.
The Meatlord completely resists.
The blast of lightning engulfs you. You resist.
* * * LOW HITPOINT WARNING * * *
You hear a shout! x4
The ball lightning explodes!
The blast of lightning engulfs The Meatlord.
The Meatlord completely resists.
The blast of lightning engulfs the ball lightning.
The ball lightning completely resists.
You hear a clap of thunder!
The blast of lightning engulfs the ball lightning.
The ball lightning completely resists.
You hear a clap of thunder!
You hear a shout!
The Meatlord waves its arms in wide circles.
The air twists around and strikes you!
You die...

))))#...........X)*.........#)...
))))........).XX.................
.)..................)...))..#.)).
))......#.......#..)))))))....)..
).#.....#.....&*#.)))))))...##...
..)...###)......###)))...........
...........###....)........###...
...#)......._)...)...............
.#.......#.....#@..)...#.#.......
.).......#_)<)_#..)..............
.#.......#.....#......#.#.#......
...#........_)...................
...........###.........#.#.#..#..
......###.......###..........#...
........#.......#.............#..
........#.......#...........)#...
.................................


You could see The Meatlord, 2 starcursed masses and a ball lightning
(wandering).

Vanquished Creatures
  4 vampire knights (D)
  24 ogres (D)
  6 two-headed ogres (D)
  122 orcs (D)
  2 ball lightnings (D)
158 creatures vanquished.

Vanquished Creatures (others)
  5 ball lightnings (D)
5 creatures vanquished.

Grand Total: 163 creatures vanquished

Notes
Turn   | Place    | Note
-------+----------+-------------------------------------------
     0 | D        | Found the +∞ Axe of Woe
     0 | D        | Fang the Demonspawn Gladiator began the quest for the Orb.
     0 | D        | Reached XP level 1. HP: 16/16 MP: 1/1
     2 | D        | Noticed a bag of meat
     4 | D        | Became a worshipper of Makhleb the Destroyer
     5 | D        | Noticed a bag of meat
     8 | D        | Noticed a bag of meat
     9 | D        | Noticed a meat berserker
    12 | D        | Killed a bag of meat
    12 | D        | Gained mutation: You are partially covered in sharp spines.
                  | [demonic ancestry]
    12 | D        | Reached XP level 2. HP: 43/43 MP: 2/2
    12 | D        | Gained mutation: You are mostly covered in sharp spines.
                  | [demonic ancestry]
    12 | D        | Reached XP level 3. HP: 49/49 MP: 3/3
    12 | D        | Reached XP level 4. HP: 56/56 MP: 4/4
    12 | D        | Reached XP level 5. HP: 62/62 MP: 5/5
    12 | D        | Gained mutation: You have sharp toenails. [demonic
                  | ancestry]
    12 | D        | Reached XP level 6. HP: 69/69 MP: 6/6
    12 | D        | Reached XP level 7. HP: 75/75 MP: 7/7
    12 | D        | Gained mutation: You have razor-sharp toenails. [demonic
                  | ancestry]
    12 | D        | Reached XP level 8. HP: 82/82 MP: 8/8
    12 | D        | Gained mutation: You are partially covered in thin metallic
                  | scales. (AC +2) [demonic ancestry]
    12 | D        | Reached XP level 9. HP: 88/88 MP: 9/9
    12 | D        | Reached XP level 10. HP: 95/95 MP: 10/10
    12 | D        | Reached XP level 11. HP: 101/101 MP: 11/11
    12 | D        | Noticed a bag of meat
    12 | D        | Noticed a bag of meat
    13 | D        | Killed a meat berserker
    13 | D        | Reached * piety under Makhleb
    13 | D        | Reached XP level 12. HP: 116/116 MP: 12/12
    13 | D        | Gained mutation: You are immune to rotting. [demonic
                  | ancestry]
    13 | D        | Reached XP level 13. HP: 122/122 MP: 13/13
    13 | D        | Noticed a bag of meat
    14 | D        | Killed a bag of meat
    14 | D        | Gained mutation: You are mostly covered in thin metallic
                  | scales. (AC +3) [demonic ancestry]
    14 | D        | Reached XP level 14. HP: 133/133 MP: 14/14
    14 | D        | Noticed a bag of meat
    17 | D        | Killed a bag of meat
    18 | D        | Killed a bag of meat
    18 | D        | Reached ** piety under Makhleb
    18 | D        | Reached XP level 15. HP: 144/144 MP: 15/15
    20 | D        | Noticed a meat berserker
    22 | D        | Killed a meat berserker
    22 | D        | Reached XP level 16. HP: 157/157 MP: 16/16
    23 | D        | Reached *** piety under Makhleb
    24 | D        | Noticed a meat berserker
    27 | D        | Killed a meat berserker
    27 | D        | Gained mutation: Your flesh is heat resistant. (rF+)
                  | [demonic ancestry]
    27 | D        | Reached XP level 17. HP: 169/169 MP: 17/17
    30 | D        | Reached **** piety under Makhleb
    31 | D        | Noticed a meat berserker
    32 | D        | Reached skill level 27 in Fighting
    34 | D        | Killed a meat berserker
    34 | D        | Reached skill level 27 in Axes
    34 | D        | Gained mutation: You have claws for feet. [demonic
                  | ancestry]
    34 | D        | Reached XP level 18. HP: 182/182 MP: 18/18
    36 | D        | Reached skill level 27 in Throwing
    36 | D        | Reached skill level 27 in Dodging
    37 | D        | Noticed a meat berserker
    38 | D        | Noticed a meat berserker
    39 | D        | Reached ***** piety under Makhleb
    39 | D        | Reached skill level 10 in Armour
    39 | D        | Reached skill level 10 in Unarmed Combat
    39 | D        | Reached skill level 10 in Spellcasting
    39 | D        | Gained mutation: You are immune to clouds of flame.
                  | [demonic ancestry]
    39 | D        | Reached XP level 19. HP: 189/189 MP: 18/33
    40 | D        | Reached skill level 15 in Stealth
    40 | D        | Reached skill level 15 in Armour
    40 | D        | Reached skill level 15 in Unarmed Combat
    40 | D        | Reached skill level 15 in Spellcasting
    42 | D        | Killed a meat berserker
    42 | D        | Gained mutation: You may emit foul miasma when damaged in
                  | melee. [demonic ancestry]
    42 | D        | Reached XP level 20. HP: 197/197 MP: 19/41
    43 | D        | Reached ****** piety under Makhleb
    44 | D        | Killed a meat berserker
    45 | D        | Noticed a meat berserker
    46 | D        | Reached skill level 27 in Invocations
    46 | D        | Gained mutation: You are completely covered in thin
                  | metallic scales. (AC +4, rElec) [demonic ancestry]
    46 | D        | Reached XP level 21. HP: 204/204 MP: 19/45
    47 | D        | Noticed a destroyer
    51 | D        | Gained mutation: You are completely covered in sharp
                  | spines. [demonic ancestry]
    51 | D        | Reached XP level 22. HP: 212/212 MP: 21/51
    51 | D        | Noticed a large bag of meat
    52 | D        | Reached skill level 27 in Stealth
    53 | D        | Noticed a destroyer
    54 | D        | Killed a destroyer
    54 | D        | Reached skill level 27 in Armour
    54 | D        | Reached skill level 27 in Unarmed Combat
    54 | D        | Reached skill level 27 in Spellcasting
    58 | D        | Reached XP level 23. HP: 219/219 MP: 23/54
    60 | D        | Killed a destroyer
    62 | D        | Gained mutation: You can hurl damnation. [demonic ancestry]
    62 | D        | Reached XP level 24. HP: 227/227 MP: 24/54
    65 | D        | Killed a large bag of meat
    67 | D        | Reached XP level 25. HP: 168/234 MP: 25/54
    90 | D        | Reached XP level 26. HP: 242/242 MP: 32/54
   101 | D        | Noticed a large bag of meat
   113 | D        | Gained mutation: You frequently emit foul miasma when
                  | damaged in melee. [demonic ancestry]
   113 | D        | Reached XP level 27. HP: 249/249 MP: 39/54
   121 | D        | Killed a large bag of meat
   155 | D        | Noticed a destroyer
   159 | D        | Killed a destroyer
   166 | D        | Noticed a large bag of meat
   172 | D        | Noticed a destroyer
   176 | D        | Killed a large bag of meat
   180 | D        | Killed a destroyer
   188 | D        | Noticed a large bag of meat
   197 | D        | Killed a large bag of meat
   238 | D        | Noticed a large bag of meat
   247 | D        | Killed a large bag of meat
   282 | D        | Noticed a large bag of meat
   286 | D        | Killed a large bag of meat
   362 | D        | Noticed The Meatlord
   537 | D        | Killed from afar by The Meatlord

Skill      XL: |  1  2  3  4  5  6  7  8  9 10 11 12 13 14 15 16 17 18 19 20 21 22 |
---------------+-------------------------------------------------------------------+-----
Fighting       | 14 18 19 21 23 25 27 | 27.0
Axes           | 13 17 18 19 22 23 27 | 27.0
Throwing       | 13 16 18 19 21 23 26 27 | 27.0
Dodging        | 13 17 18 19 22 23 26 27 | 27.0
Armour         | 10 17 20 25 27 | 27.0
Stealth        | 11 19 22 26 27 | 27.0
Unarmed Combat | 10 17 20 25 27 | 27.0
Spellcasting   | 10 17 20 25 27 | 27.0
Invocations    | 14 23 27 | 27.0

Action                   |  1- 3 |  4- 6 |  7- 9 | 10-12 | 13-15 | 16-18 | 19-21 | 22-24 | 25-27 || total
-------------------------+-------+-------+-------+-------+-------+-------+-------+-------+-------++-------
Melee: Executioner's axe |     1 |       |       |     1 |     5 |     9 |    10 |    11 |    77 ||   114
  Use: Potion            |       |       |       |       |       |       |       |       |     1 ||     1
 Stab: Distracted        |       |       |       |       |       |       |       |       |     2 ||     2
Armor: Leather armour    |       |       |       |       |       |       |       |       |     2 ||     2
Dodge: Dodged            |       |       |       |     1 |     1 |     1 |       |       |     9 ||    12
